AoeStats
← Jazzmushroom

Black Forest

508260474Analyzed
4v4 RM · 11d ago on Sep 21, 2026· 57m 58s· 8 players
Game mode
Random Map
Map size
Large (8 player)
Population
200
Speed
Normal
Resources
Standard
Victory
Conquest
Starting age
Dark Age
Ending age
Imperial Age
RankedLock teamsTeams togetherTeam positionsShared explorationLock speedFull tech treeHidden civsTurbo modeCheats
Victory
Defeat
🇲🇽 Berbers · Mexico
1375
+13
🇺🇸 Japanese · United States
1319
+16
🇩🇪 Persians · Germany
1316
+16
🇺🇸 Mapuche · United States
1307
+16
🇦🇷 Teutons · Argentina
1339
-16
🇩🇪 Japanese · Germany
1336
-16
🇨🇳 Persians · China
1298
-15
🇦🇷 Bulgarians · Argentina
1274
-14
Jazzmushroom
12:23 Feudal Age
13:04 Double-Bit Axe
17:01 Castle Age
14:46 Fishing Lines
19:15 Town Watch
19:30 Gillnets
20:00 Bow Saw
21:05 Horse Collar
22:50 Wheelbarrow
22:35 Gold Mining
23:10 Loom
24:14 Hand Cart
26:59 Heavy Plow
27:43 Malon
28:27 Gold Shaft Mining
27:44 Stone Mining
27:18 Elite Skirmisher
27:22 Pikeman
32:58 Imperial Age
30:43 Forging
30:20 Treadmill Crane
31:01 Ballistics
30:52 Masonry
32:25 Iron Casting
31:52 Scale Mail Armor
31:45 Fletching
31:55 Padded Archer Armor
33:07 Stone Shaft Mining
32:48 Caravan
33:21 Coinage
34:05 Conscription
33:08 Elite Kona
33:57 Butalmapu
34:29 Hoardings
34:15 Chain Mail Armor
34:09 Bodkin Arrow
34:49 Halberdier
37:10 Blast Furnace
36:42 Plate Mail Armor
40:31 Elite Bolas Rider
44:27 Chemistry
45:33 Banking
48:44 Leather Archer Armor
52:02 Ring Archer Armor
51:54 Siege Engineers
57:25 Bombard Tower
Niccals_
0:56 Loom
13:30 Feudal Age
14:02 Double-Bit Axe
19:51 Wheelbarrow
22:18 Castle Age
20:57 Horse Collar
27:58 Imperial Age
26:18 Fishing Lines
26:40 Fletching
32:56 Bodkin Arrow
35:18 Pikeman
36:10 Forging
36:00 Scale Mail Armor
36:33 Bow Saw
37:44 Iron Casting
38:00 Chain Mail Armor
38:07 Bracer
39:24 Conscription
39:06 Padded Archer Armor
40:06 Blast Furnace
40:28 Plate Mail Armor
41:06 Scale Barding Armor
41:17 Leather Archer Armor
41:23 Ballistics
43:14 Chemistry
41:55 Treadmill Crane
42:25 Masonry
42:11 Murder Holes
42:22 Husbandry
43:12 Hand Cart
43:18 Chain Barding Armor
43:10 Bloodlines
42:25 Light Cavalry
44:29 Ring Archer Armor
45:50 Plate Barding Armor
45:40 Elite Skirmisher
45:43 Elite Genitour
47:14 Fortified Wall
47:38 Hussar
52:08 Guilds
51:59 Caravan
52:30 Coinage
Pwncakes
0:48 Loom
12:55 Feudal Age
14:25 Double-Bit Axe
15:09 Man-at-Arms
15:49 Gold Mining
15:52 Arson
20:25 Horse Collar
22:48 Wheelbarrow
24:55 Scale Mail Armor
25:06 Forging
25:45 Stone Mining
25:49 Fletching
34:03 Castle Age
32:11 Fishing Lines
35:47 Bodkin Arrow
35:35 Treadmill Crane
35:46 Guard Tower
36:17 Ballistics
36:30 Yasama
37:17 Padded Archer Armor
40:40 Imperial Age
38:52 Gold Shaft Mining
40:55 Chain Mail Armor
40:51 Forging
40:05 Long Swordsman
40:46 Squires
40:55 Gambesons
42:46 Masonry
42:01 Pikeman
42:01 Two-Handed Swordsman
43:04 Conscription
44:49 Plate Mail Armor
45:09 Iron Casting
45:27 Hoardings
44:33 Champion
46:36 Keep
46:55 Bracer
49:14 Blast Furnace
51:17 Leather Archer Armor
52:04 Chemistry
50:50 Arrowslits
53:17 Hand Cart
55:31 Ring Archer Armor
55:10 Caravan
55:10 Caravan
56:34 Town Watch
56:53 Heavy Plow
58:35 Kataparuto
Creed
12:24 Feudal Age
12:57 Double-Bit Axe
12:59 Fishing Lines
16:45 Castle Age
17:11 Gillnets
17:52 Bow Saw
21:07 Wheelbarrow
26:57 Husbandry
27:07 Bloodlines
26:53 Horse Collar
28:15 Forging
28:11 Scale Barding Armor
28:15 Gold Mining
32:28 Imperial Age
30:07 Stone Mining
30:44 Loom
31:15 Hand Cart
31:59 Iron Casting
32:05 Chain Barding Armor
32:07 Heavy Plow
33:04 Elite War Elephant
34:46 Crop Rotation
36:29 Devotion
37:08 Conscription
42:08 Citadels
44:15 Blast Furnace
44:09 Plate Barding Armor
45:46 Kamandaran
45:39 Fletching
45:50 Padded Archer Armor
46:17 Crossbowman
47:03 Thumb Ring
47:32 Faith
47:27 Bodkin Arrow
47:47 Leather Archer Armor
47:49 Caravan
47:56 Light Cavalry
49:33 Leather Archer Armor
51:22 Chemistry
50:43 Ballistics
52:56 Hussar
54:24 Gold Shaft Mining
55:25 Hoardings
55:55 Elite Skirmisher
默默发育
11:55 Feudal Age
12:53 Double-Bit Axe
16:26 Castle Age
18:22 Wheelbarrow
17:32 Fishing Lines
21:08 Horse Collar
25:13 Heavy Plow
25:34 Bow Saw
25:26 Gillnets
26:05 Gold Mining
29:49 Imperial Age
29:01 Gold Shaft Mining
28:22 Stone Mining
28:49 Hand Cart
28:47 Forging
28:42 Scale Barding Armor
30:39 Iron Casting
30:24 Chain Barding Armor
30:28 Conscription
29:46 Elite War Elephant
31:39 Bloodlines
31:30 Husbandry
32:41 Stone Shaft Mining
32:07 Town Watch
32:08 Loom
32:27 Devotion
32:07 Onager
35:31 Blast Furnace
36:52 Plate Barding Armor
36:54 Coinage
39:42 Faith
40:21 Crop Rotation
40:28 Banking
40:50 Town Patrol
42:23 Citadels
44:44 Hoardings
49:53 Two-Man Saw
50:17 Caravan
51:23 Light Cavalry
53:20 Guilds
Krabbel
0:34 Loom
11:58 Feudal Age
16:00 Castle Age
15:24 Double-Bit Axe
22:29 Fletching
23:12 Bodkin Arrow
27:31 Fortified Wall
33:06 Imperial Age
33:05 Scale Mail Armor
38:00 Siege Engineers
38:14 Guard Tower
38:45 Bow Saw
40:33 Conscription
40:08 Gold Mining
41:25 Ballistics
42:06 Chemistry
42:23 Bracer
43:03 Caravan
46:03 Keep
47:51 Chain Mail Armor
50:43 Plate Mail Armor
50:47 Yasama
52:22 Forging
55:31 Iron Casting
MERA_elBalma
1:07 Loom
16:48 Feudal Age
19:32 Double-Bit Axe
32:46 Castle Age
31:12 Fletching
31:48 Stone Mining
34:03 Bodkin Arrow
47:36 Thumb Ring
48:59 Elite Skirmisher
54:39 Imperial Age
53:26 Padded Archer Armor
55:42 Leather Archer Armor
55:47 Bracer
57:36 Chemistry
Juanki
2:08 Loom
12:22 Feudal Age
12:44 Horse Collar
16:22 Castle Age
14:15 Double-Bit Axe
16:15 Wheelbarrow
17:02 Scale Barding Armor
17:16 Bow Saw
17:44 Chain Barding Armor
21:56 Town Watch
26:18 Forging
26:48 Hand Cart
26:33 Town Patrol
28:30 Bloodlines
28:07 Fishing Lines
28:21 Gold Mining
28:21 Stone Mining
30:19 Stone Shaft Mining
29:45 Gillnets
33:26 Imperial Age
31:25 Fletching
32:12 Iron Casting
31:50 Bodkin Arrow
32:46 Redemption
32:56 Sanctity
32:39 Pikeman
33:19 Squires
33:21 Scale Mail Armor
34:43 Chain Mail Armor
34:14 Halberdier
34:39 Gambesons
35:56 Blast Furnace
36:05 Conscription
38:43 Fervor
39:32 Capped Ram
40:58 Block Printing
40:44 Atonement
41:29 Plate Mail Armor
41:18 Cavalier
42:25 Man-at-Arms
42:53 Arson
43:32 Crenellations
43:43 Long Swordsman
45:42 Chemistry
45:02 Ballistics
44:49 Siege Engineers
45:07 Two-Handed Swordsman
47:43 Ironclad
46:45 Champion
56:11 Caravan
56:41 Coinage
58:07 Ballistics
58:07 Bombard Tower
Connection lost

Rejoining the realm…

Still unreachable

The connection could not be restored.

Session expired

The server has moved on; the page needs a fresh start.